 Dungeon Crawl Stone Soup version 0.31-a0-277-g31ea1f65cc (webtiles) character file.

Game seed: 9475475138510782985

61 shakesphere1979 the Gusty (level 3, -11/26 HPs)
             Began as a Draconian Air Elementalist on July 15, 2023.
             Mangled by an ice beast (13 damage)
             ... on level 3 of the Dungeon on July 16, 2023.
             The game lasted 00:14:58 (2341 turns).

shakesphere1979 the Gusty (DrAE)                    Turns: 2341, Time: 00:15:00

Health: -11/26     AC:  7    Str: 10    XL:     3   Next: 83%
Magic:  5/7        EV: 12    Int: 17    God:
Gold:   153        SH:  5    Dex: 11    Spells: 3/7 levels left

rFire   . . .        c - +0 dagger
rCold   . . .        (no shield)
rNeg    . . .        (body armour unavailable)
rPois   .            (helmet restricted)
rElec   .            d - +0 cloak
rCorr   .            (no gloves)
SInv    .            f - +0 pair of boots
Will    .....        g - amulet of reflection
Stlth   ++           (no ring)
HPRegen 0.24/turn    (no ring)
MPRegen 0.10/turn

%: reflection
@: sluggish, slowed, very slow
A: AC +5, unfitting armour, cold-blooded
a: no special abilities


You were on level 3 of the Dungeon.
You visited 1 branch of the dungeon, and saw 3 of its levels.

You collected 153 gold pieces.

Inventory:

Hand Weapons
 c - a +0 dagger (weapon)
 i - a +0 sling
Missiles
 b - 17 stones
 h - 10 javelins
Armour
 d - a +0 cloak (worn)
 f - a +0 pair of boots (worn)
Jewellery
 g - an amulet of reflection (around neck)
 o - a ring of resist corrosion
 s - a +4 ring of protection
Talismans
 l - a beast talisman
Scrolls
 e - a scroll of blinking {unknown}
 k - a scroll of immolation {unknown}
 m - 2 scrolls of teleportation {unknown}
 n - a scroll of identify {unknown}
 p - 2 scrolls of enchant weapon {unknown}
 q - a scroll of fog {unknown}
Potions
 a - a potion of magic
 j - a potion of ambrosia {unknown}
 r - a potion of enlightenment


   Skills:
 + Level 2.7 Dodging
 + Level 2.7 Stealth
 + Level 2.7 Spellcasting
 - Level 1.0 Conjurations
 - Level 3.0 Air Magic


You had 3 spell levels left.
You knew the following spells:

 Your Spells              Type           Power      Damage    Failure   Level
a - Shock                 Conj/Air       36%        1d5       8%          1
b - Swiftness             Air            12%        N/A       16%         3

Your spell library contained the following spells:

 Spells                   Type           Power      Damage    Failure   Level
 Static Discharge         Conj/Air       18%        2-3/arc   12%         2
 Tukima's Dance           Hex            2%         N/A       47%         3
 Airstrike                Air            6%         2d(1-17)  45%         4
 Passage of Golubria      Tloc           2%         N/A       87%         4
 Yara's Violent Unravell  Hex/Tmut       1%         3d3       99%         5


Dungeon Overview and Level Annotations

Branches:
Dungeon (3/15)

Altars:
Vehumet
The Shining One

Annotations:
D:3 3 runed translucent doors, pajopajo's ghost, amateur OpSh


Innate Abilities, Weirdness & Mutations

Your plain brown scales are hard. (AC +5)
You cannot fit into any form of body armour.
You are cold-blooded and may be slowed by cold attacks.


Message History

The ice beast attacks as you move away! The ice beast barely misses you.
The ice beast barely misses you. The ice beast attacks as you move away!
You block the ice beast's attack.
You start to feel a little faster.
The ice beast misses you.
The ice beast hits you but does no damage.
The ice beast attacks as you move away! You block the ice beast's attack.
You no longer feel sluggish.
The ice beast completely misses you.
Casting: Swiftness (quite dangerous; 16% risk of failure)
Confirm with . or Enter, or press ? or * to list all spells.
The spell is quite dangerous to miscast (16% risk of failure)!
Continue anyway?
Uppercase [Y]es or [N]o only, please.
The spell is quite dangerous to miscast (16% risk of failure)!
Continue anyway?
You feel quick. You block the ice beast's attack.
An endoplasm comes into view.
The endoplasm quivers.
You start to feel a little slower.
The endoplasm freezes you.
You are frozen.
You feel yourself slow down.
You hit the endoplasm but do no damage.
The endoplasm hits you but does no damage.
You hit the endoplasm.
The endoplasm is moderately wounded.
You block the endoplasm's attack.
The endoplasm hits you but does no damage.
The ice beast hits you. The ice beast freezes you.
You hit the endoplasm.
The endoplasm is almost dead.
The endoplasm misses you. The ice beast hits you. The ice beast freezes you!
You feel as though you will be slow longer.
* * * LOW HITPOINT WARNING * * *
You hit the endoplasm.
You kill the endoplasm!
You feel sluggish. The ice beast hits you.
* * * LOW HITPOINT WARNING * * *
The ice beast freezes you!
Ouch! That really hurt!
You die...

....>...............##.....#.....
##.###.###.########.###.#...###+#
#.# #.# #.# #.# #.#..###..#
##.###.# #.# #.# #.#... ....
.....#.###.# #.# #.#... ....
##.........# ### #.######..#
##.....##### #.# ## # .......#
##############.######### .###.#.#
#......@YZ.............. ## #.#.#
######################## ####.#.#
# .....### # ###### #
#################################
.................................
#################################


You could see an ice beast and a goblin skeleton.

Vanquished Creatures
  A white imp (D:3)
  A worm (D:2)
  3 bats
  3 endoplasms
  3 goblins
  6 hobgoblins
  3 jackals (D:2)
  3 kobolds
  5 quokkas
  7 ball pythons
  2 frilled lizards
  A goblin skeleton (D:3)
  A goblin zombie (D:3)
  2 hobgoblin zombies (D:3)
  A kobold skeleton (D:3)
  A kobold zombie (D:3)
  An orc skeleton (D:3)
  6 rats
50 creatures vanquished.

Notes
Turn   | Place    | Note
-------+----------+-------------------------------------------
     0 | D:1      | shakesphere1979 the Draconian Air Elementalist began the
                  | quest for the Orb.
     0 | D:1      | Reached XP level 1. HP: 14/14 MP: 3/3
   258 | D:1      | Reached XP level 2. HP: 16/20 MP: 5/5
  1174 | D:2      | Reached XP level 3. HP: 26/26 MP: 6/6
  1771 | D:2      | Learned a level 3 spell: Swiftness
  1870 | D:3      | Found a runed translucent gate.
  1870 | D:3      | Found a runed translucent gate.
  1870 | D:3      | Found a runed translucent gate.
  1870 | D:3      | Noticed pajopajo's ghost (amateur OpSh)
  1930 | D:3      | Found a radiant altar of Vehumet.
  2085 | D:3      | Found a glowing golden altar of the Shining One.
  2297 | D:3      | Noticed an ice beast
  2341 | D:3      | Mangled by an ice beast

Illustrated notes

Levels and vault maps discovered:
D:1:      elethiomel_arrival_quiet, layout_basic, minmay_pentomino_t2
D:2:      layout_loops_corners
D:3:      layout_basic, nicolae_tso_besieged_by_evil,
          mainiacjoe_overflow_surrounded_room, serial_shops,
          nicolae_shop_real_fake_doors, biasface_ghost_orc_armoury

Skill      XL: |  1 |
---------------+----+-----
Dodging        | 2 |  2.7
Stealth        | 2 |  2.7
Spellcasting   | |  2.7
Conjurations   | |  1.0
Air Magic      | |  3.0

Action                     || total
---------------------------++-------
  Melee: Dagger            ||   159
         Tailslap          ||    27
         Unarmed           ||     2
         Punch             ||     3
   Cast: Shock             ||    32
         Swiftness         ||     2
    Use: Potion            ||     1
   Stab: Sleeping          ||     8
         Distracted        ||     1
 Armour: Skin              ||    59
  Dodge: Dodged            ||    85
  Block: Other             ||    36

Table legend: (Time is in decaauts)
 A = Elapsed time spent in this place.
 B = Non-inter-level travel time spent in this place.
 C = Inter-level travel time spent in this place.
 D = Time resting spent in this place.
 E = Time spent auto-exploring this place.
 F = Levels seen in this place.
 G = Mean time per level.
                   A        B        C        D        E       F      G
               +--------+--------+--------+--------+--------+-----+--------+
         Total |   2343 |   2269 |     74 |      0 |   1536 |   3 |  781.0 |
       Dungeon |   2343 |   2269 |     74 |      0 |   1536 |   3 |  781.0 |
               +--------+--------+--------+--------+--------+-----+--------+

Top non-repeatable levels by time:
     D:2: 1103 daAuts
     D:1: 774 daAuts
     D:3: 465 daAuts
